 Dungeon Crawl Stone Soup version 0.28.0-47-ge53b351184 (webtiles) character file.

Game seed: 5281335847749770373

4758 101zpm the Magician (level 10, -10/74 HPs)
             Began as a Gnoll Air Elementalist on Apr 29, 2022.
             Was a Follower of Makhleb.
             Mangled by a troll (12 damage)
             ... on level 9 of the Dungeon.
             The game lasted 00:27:45 (14612 turns).

101zpm the Magician (Gnoll Air Elementalist)       Turns: 14612, Time: 00:27:45

Health: -10/74     AC:  3    Str:  7    XL:     10   Next: 46%
Magic:  14/21      EV: 15    Int: 19    God:    Makhleb [*.....]
Gold:   377        SH:  0    Dex: 13    Spells: 5/23 levels left

rFire   + . .      SeeInvis .   H - +2 flail (holy)
rCold   + . .      Faith    .   (no shield)
rNeg    . . .      Spirit   .   a - +0 robe
rPois   .          Reflect  .   w - +0 helmet
rElec   .          Harm     .   (no cloak)
rCorr   .          Rampage  .   (no gloves)
Will    .....                   (no boots)
Stlth   +++.......              z - amulet of regeneration
HPRegen 1.02/turn               f - ring of protection from cold
MPRegen 0.17/turn               g - ring of protection from fire

@: freezing walls
A: fangs 1, strong nose, distributed training
a: Renounce Religion


You were on level 9 of the Dungeon.
You worshipped Makhleb.
Makhleb was aware of your devotion.
You visited 3 branches of the dungeon, and saw 11 of its levels.

You collected 377 gold pieces.

Inventory:

Hand Weapons
 u - a +2 vorpal flail
 H - a +2 flail of holy wrath (weapon)
Missiles
 L - 6 boomerangs
Armour
 a - a +0 robe (worn)
 v - a +2 scale mail of fire resistance
 w - a +0 helmet (worn)
Jewellery
 e - a ring of positive energy
 f - a ring of protection from cold (left hand)
 g - a ring of protection from fire (right hand)
 t - an amulet of faith
 y - a +6 ring of dexterity
 z - an amulet of regeneration (around neck)
 A - a ring of magical power
Wands
 n - a wand of mindburst (5)
 p - a wand of digging (3)
 B - a wand of flame (1)
 D - a wand of charming (10)
 E - a wand of iceblast (1)
Scrolls
 c - 3 scrolls of fear
 d - 2 scrolls of magic mapping
 h - a scroll of holy word
 i - 4 scrolls of enchant armour
 k - 6 scrolls of teleportation
 o - 2 scrolls of vulnerability
 r - a scroll of torment
 x - a scroll of acquirement {unknown}
 I - 2 scrolls of identify
 J - a scroll of brand weapon {unknown}
Potions
 b - a potion of brilliance
 j - 3 potions of curing
 l - a potion of mutation
 m - 4 potions of cancellation
 q - 2 potions of lignification {unknown}
 s - a potion of flight {unknown}
 C - 2 potions of degeneration {unknown}
 F - a potion of haste {unknown}
 G - a potion of ambrosia {unknown}
 K - a potion of magic {unknown}


   Skills:
 + Level 5.3 Fighting
 + Level 5.3 Short Blades
 + Level 5.3 Long Blades
 + Level 5.3 Axes
 + Level 5.3 Maces & Flails
 + Level 5.3 Polearms
 + Level 5.3 Staves
 + Level 5.3 Slings
 + Level 5.3 Bows
 + Level 5.3 Crossbows
 + Level 5.3 Throwing
 + Level 5.3 Armour
 + Level 7.1 Dodging
 + Level 6.8 Stealth
 + Level 5.3 Shields
 + Level 5.3 Unarmed Combat
 + Level 7.4 Spellcasting
 + Level 4.9 Conjurations
 + Level 4.3 Hexes
 + Level 4.3 Summonings
 + Level 4.3 Necromancy
 + Level 4.3 Translocations
 + Level 4.3 Transmutations
 + Level 4.3 Fire Magic
 + Level 4.3 Ice Magic
 + Level 7.1 Air Magic
 + Level 4.3 Earth Magic
 + Level 4.3 Poison Magic
 + Level 5.8 Invocations
 + Level 5.3 Evocations


You had 5 spell levels left.
You knew the following spells:

 Your Spells              Type           Power      Damage    Failure   Level
a - Shock                 Conj/Air       100%       1d9       1%          1
b - Static Discharge      Conj/Air       30%        N/A       1%          2
c - Swiftness             Air            34%        N/A       1%          3
d - Airstrike             Air            17%        N/A       5%          4
e - Frozen Ramparts       Ice            46%        1d6       4%          3
f - Lightning Bolt        Conj/Air       15%        1d29      22%         5

Your spell library contained the following spells:

 Spells                   Type           Power      Damage    Failure   Level
 Dazzling Flash           Conj/Hex       48%        N/A       4%          3
 Iskenderun's Mystic Bla  Conj/Tloc      24%        2d7       14%         4
 Ice Form                 Ice/Tmut       23%        N/A       16%         4
 Summon Ice Beast         Ice/Summ       23%        N/A       16%         4
 Starburst                Conj/Fire      12%        6d5       91%         6
 Maxwell's Capacitive Co  Air            17%        ∞         100%        8


Dungeon Overview and Level Annotations

Branches:
Dungeon (9/15)             Temple (1/1) D:4             Orc (1/2) D:9
   Lair: D:8-11

Altars:
Ashenzari
Cheibriados
Dithmenos
Elyvilon
Fedhas
Gozag
Hepliaklqana
Kikubaaqudgha
Makhleb
Nemelex Xobeh
Okawaru
Qazlal
Ru
Sif Muna
Trog
Uskayaw
Vehumet
Wu Jian
Xom
Yredelemnul
Zin
The Shining One

Annotations:
D:5 Duvessa


Innate Abilities, Weirdness & Mutations

You have very sharp teeth.
Your uncanny sense of smell can sniff out nearby items.
Your experience applies equally to all skills.


Message History

The troll completely misses you. The troll barely misses you.
Casting: Lightning Bolt (quite dangerous; 22% risk of failure)
Confirm with . or Enter, or press ? or * to list all spells.
The troll is struck by an arc of lightning!
The troll is moderately wounded.
The orc is struck by an arc of lightning!
You kill the orc!
Makhleb accepts your kill.
The orc is struck by an arc of lightning.
The orc is almost dead.
The troll is struck by an arc of lightning!
The troll is heavily wounded.
The lightning grounds out.
The troll closely misses you. The troll claws you!
* * * LOW HITPOINT WARNING * * *
The troll closely misses you.
Casting: Static Discharge (safe; 1% risk of failure)
Confirm with . or Enter, or press ? or * to list all spells.
Casting: Frozen Ramparts (dangerous; 4% risk of failure)
Press: ? - help, Dir - look around, f - activate A staircase to the Orcish Mines.
The walls around you are covered in ice.
The wall freezes the troll.
The troll closely misses you. The troll misses you. x2
The wall freezes the orc.
The wall freezes the warg.
The wall freezes the orc!
You kill the orc!
Makhleb accepts your kill.
Casting: Frozen Ramparts (dangerous; 4% risk of failure)
Confirm with . or Enter, or press ? or * to list all spells.
The troll is struck by an arc of lightning.
The troll is severely wounded.
The orc is struck by an arc of lightning!
You kill the orc!
Makhleb accepts your kill.
The troll is struck by an arc of lightning.
The troll is severely wounded.
The lightning grounds out.
The wall freezes the warg.
The wall freezes the troll.
The troll bites you but does no damage. The troll claws you!
* * * LOW HITPOINT WARNING * * *
The troll claws you!
You die...

.#...########......'...##......#
..##.########......######......#
.....................# #......#
≈≈≈≈≈≈≈≈≈≈≈≈≈≈≈≈≈≈≈≈.# #......#
≈≈≈≈≈≈≈≈≈≈≈≈≈≈≈≈≈≈≈≈.# ####'####
##################≈≈.# #....#
...............≈)#≈≈.###.########
..............)###≈≈.##..........
......8.......hT@#≈≈.##..........
..............)###≈≈.##..........
...............≈)#≈≈.##..........
##################≈≈.##..........
≈≈≈≈≈≈≈≈≈≈≈≈≈≈≈≈≈≈≈≈.##..........
≈≈≈≈≈≈≈≈≈≈≈≈≈≈≈≈≈≈≈≈..#..........
.......))........................
.########.####...############.###
.# #.......## #.#


You could see a troll and a warg.

Vanquished Creatures
  Sigmund (D:3)
  6 yaks
  2 wyverns (D:9)
  A steam dragon (D:7)
  Edmund (D:4)
  4 water moccasins
  6 orc warriors
  A sky beast (D:3)
  2 ice beasts
  3 ogres (D:5)
  2 centaurs
  A gnoll sergeant (D:8)
  4 bullfrogs
  2 scorpions
  A water moccasin zombie (D:7)
  A howler monkey (D:7)
  2 electric eels (D:9)
  A centaur zombie (D:8)
  3 jellies
  2 hounds
  6 orc priests
  A gnoll shaman (D:6)
  5 orc wizards
  Natasha (twice) (D:2)
  2 iguanas
  2 killer bee zombies
  7 gnolls
  6 adders
  3 shadow imps
  An ufetubus (D:4)
  3 worms
  3 dart slugs
  27 orcs
  7 ball pythons
  7 bats
  7 endoplasms
  2 giant cockroaches
  4 goblins
  5 hobgoblins
  5 quokkas
  5 frilled lizards
  6 kobolds
  4 rats
166 creatures vanquished.

Vanquished Creatures (others)
  5 plants (D:4)
5 creatures vanquished.

Grand Total: 171 creatures vanquished

Notes
Turn   | Place    | Note
-------+----------+-------------------------------------------
     0 | D:1      | 101zpm the Gnoll Air Elementalist began the quest for the
                  | Orb.
     0 | D:1      | Reached XP level 1. HP: 13/13 MP: 6/6
   254 | D:1      | Reached XP level 2. HP: 19/19 MP: 5/7
   832 | D:1      | Reached XP level 3. HP: 25/25 MP: 7/9
   866 | D:1      | Reached skill level 5 in Spellcasting
   937 | D:1      | You fall into a shaft and drop 1 floor!
  1102 | D:2      | Reached skill level 1 in Invocations
  1318 | D:2      | Noticed Natasha
  1325 | D:2      | Killed Natasha
  1326 | D:2      | Reached skill level 1 in Fighting
  1326 | D:2      | Reached skill level 1 in Short Blades
  1326 | D:2      | Reached skill level 1 in Long Blades
  1326 | D:2      | Reached skill level 1 in Axes
  1326 | D:2      | Reached skill level 1 in Maces & Flails
  1326 | D:2      | Reached skill level 1 in Polearms
  1326 | D:2      | Reached skill level 1 in Staves
  1326 | D:2      | Reached skill level 1 in Slings
  1326 | D:2      | Reached skill level 1 in Bows
  1326 | D:2      | Reached skill level 1 in Crossbows
  1326 | D:2      | Reached skill level 1 in Throwing
  1326 | D:2      | Reached skill level 1 in Armour
  1326 | D:2      | Reached skill level 1 in Shields
  1326 | D:2      | Reached skill level 1 in Unarmed Combat
  1326 | D:2      | Reached skill level 1 in Evocations
  1326 | D:2      | Reached XP level 4. HP: 21/32 MP: 2/11
  1552 | D:2      | Noticed Natasha
  1562 | D:2      | Killed Natasha
  1563 | D:2      | Reached skill level 1 in Hexes
  1563 | D:2      | Reached skill level 1 in Summonings
  1563 | D:2      | Reached skill level 1 in Necromancy
  1563 | D:2      | Reached skill level 1 in Translocations
  1563 | D:2      | Reached skill level 1 in Transmutations
  1563 | D:2      | Reached skill level 1 in Fire Magic
  1563 | D:2      | Reached skill level 1 in Ice Magic
  1563 | D:2      | Reached skill level 1 in Earth Magic
  1563 | D:2      | Reached skill level 1 in Poison Magic
  2084 | D:2      | Reached XP level 5. HP: 35/37 MP: 6/12
  2542 | D:3      | Noticed a sky beast
  3354 | D:4      | Reached XP level 6. HP: 44/44 MP: 9/13
  3652 | D:4      | Found a staircase to the Ecumenical Temple.
  3659 | D:4      | Reached skill level 5 in Dodging
  4113 | D:3      | Noticed Sigmund
  4358 | D:5      | Entered Level 5 of the Dungeon
  4500 | D:5      | Noticed Duvessa
  4544 | D:5      | Reached XP level 7. HP: 31/50 MP: 9/15
  4909 | D:5      | Found an opulent altar of Gozag.
  4910 | D:5      | Found a sparkling altar of Nemelex Xobeh.
  4911 | D:5      | Found a shimmering blue altar of Sif Muna.
  4929 | D:5      | Noticed Edmund
  4934 | D:5      | Learned a level 2 spell: Static Discharge
  4938 | D:5      | Learned a level 3 spell: Swiftness
  4943 | D:5      | Learned a level 4 spell: Airstrike
  5129 | D:4      | Killed Edmund
  5130 | D:4      | Reached skill level 5 in Stealth
  5939 | Temple   | Entered the Ecumenical Temple
  6215 | Temple   | Became a worshipper of Makhleb the Destroyer
  6279 | D:6      | Found a sacrificial altar of Ru.
  6521 | D:6      | Reached XP level 8. HP: 57/57 MP: 9/16
  8495 | D:3      | Killed Sigmund
  8939 | D:3      | Reached XP level 9. HP: 65/65 MP: 1/18
 10867 | D:9      | Reached skill level 5 in Invocations
 11129 | D:9      | Learned a level 3 spell: Frozen Ramparts
 11136 | D:9      | Learned a level 5 spell: Lightning Bolt
 11730 | D:8      | Reached * piety under Makhleb
 11899 | D:8      | Reached XP level 10. HP: 73/73 MP: 11/20
 12368 | D:8      | Reached skill level 5 in Fighting
 12368 | D:8      | Reached skill level 5 in Short Blades
 12368 | D:8      | Reached skill level 5 in Long Blades
 12368 | D:8      | Reached skill level 5 in Axes
 12368 | D:8      | Reached skill level 5 in Maces & Flails
 12368 | D:8      | Reached skill level 5 in Polearms
 12368 | D:8      | Reached skill level 5 in Staves
 12368 | D:8      | Reached skill level 5 in Slings
 12368 | D:8      | Reached skill level 5 in Bows
 12368 | D:8      | Reached skill level 5 in Crossbows
 12368 | D:8      | Reached skill level 5 in Throwing
 12368 | D:8      | Reached skill level 5 in Armour
 12368 | D:8      | Reached skill level 5 in Shields
 12368 | D:8      | Reached skill level 5 in Unarmed Combat
 12368 | D:8      | Reached skill level 5 in Evocations
 13887 | D:9      | Found a staircase to the Orcish Mines.
 14573 | Orc:1    | Entered Level 1 of the Orcish Mines
 14573 | Orc:1    | Noticed a cyclops
 14612 | D:9      | HP: 2/74 [troll (9)]
 14612 | D:9      | Mangled by a troll

Illustrated notes

Levels and vault maps discovered:
D:1:      dpeg_arrival_another_circle, layout_loops_ring, serial_glass,
          glass_columns_b, glass_columns_b, serial_bayou_pond_c
D:2:      layout_basic, minmay_pentomino_w2, uniq_natasha
D:3:      layout_loops_cross, minmay_ruptured, uniq_sigmund
D:4:      layout_rooms, minmay_temple_entry_butterflies, dk_noncrumbling_2,
          serial_bayou_pond_b, minmay_diced_spiral
D:5:      layout_gridville, chequers_temple_overflow_statue_of_worship,
          uniq_duvessa, uniq_edmund
D:6:      layout_cave_pods, mainiacjoe_overflow_small_starburst,
          hangedman_abyss_or_decor_stagger, kennysheep_generic_room_10
D:7:      layout_loops_corners
D:8:      layout_gridville, serial_shops, nicolae_shop_bloodbath_and_beyond
D:9:      layout_roguey, erik_orc_2
Temple:   dpeg_five_rooms_temple
Orc:1:    layout_diamond_mine, basic_altar

Skill      XL: |  1  2  3  4  5  6  7  8  9 10 |
---------------+-------------------------------+-----
Conjurations   | 2 3 4 |  4.9
Spellcasting   | 5 6 7 |  7.4
Invocations    | 1 2 3 4 5 |  5.8
Fighting       | 1 2 3 4 5 |  5.3
Short Blades   | 1 2 3 4 5 |  5.3
Long Blades    | 1 2 3 4 5 |  5.3
Axes           | 1 2 3 4 5 |  5.3
Maces & Flails | 1 2 3 4 5 |  5.3
Polearms       | 1 2 3 4 5 |  5.3
Staves         | 1 2 3 4 5 |  5.3
Slings         | 1 2 3 4 5 |  5.3
Bows           | 1 2 3 4 5 |  5.3
Crossbows      | 1 2 3 4 5 |  5.3
Throwing       | 1 2 3 4 5 |  5.3
Armour         | 1 2 3 4 5 |  5.3
Shields        | 1 2 3 4 5 |  5.3
Unarmed Combat | 1 2 3 4 5 |  5.3
Evocations     | 1 2 3 4 5 |  5.3
Hexes          | 1 2 3 4 |  4.3
Summonings     | 1 2 3 4 |  4.3
Necromancy     | 1 2 3 4 |  4.3
Translocations | 1 2 3 4 |  4.3
Transmutations | 1 2 3 4 |  4.3
Fire Magic     | 1 2 3 4 |  4.3
Ice Magic      | 1 2 3 4 |  4.3
Earth Magic    | 1 2 3 4 |  4.3
Poison Magic   | 1 2 3 4 |  4.3
Dodging        | 5 6 7 |  7.1
Stealth        | 5 6 |  6.8
Air Magic      | 6 7 |  7.1

Action                   |  1- 3 |  4- 6 |  7- 9 | 10-12 || total
-------------------------+-------+-------+-------+-------++-------
Melee: Flail             |       |       |    11 |    23 ||    34
       Bite              |       |       |       |     3 ||     3
 Cast: Shock             |    62 |   129 |   193 |    40 ||   424
       Airstrike         |       |       |    45 |    28 ||    73
       Static Discharge  |       |       |     3 |     4 ||     7
       Frozen Ramparts   |       |       |     2 |     7 ||     9
       Lightning Bolt    |       |       |     1 |       ||     1
  Use: Scroll            |       |       |    10 |       ||    10
       Potion            |       |       |       |     1 ||     1
Armor: Robe              |     1 |     4 |     4 |     4 ||    13
Dodge: Dodged            |     3 |    23 |    68 |    43 ||   137
